AoeStats
← Djurro

Arabia

509875689Analyzed
1v1 RM · 3d ago on Sep 28, 2026· 57m 52s· 2 players
Game mode
Random Map
Map size
Tiny (2 player)
Population
200
Speed
Normal
Resources
Standard
Victory
Conquest
Starting age
Dark Age
Ending age
Imperial Age
RankedLock teamsTeams togetherTeam positionsShared explorationLock speedFull tech treeHidden civsTurbo modeCheats
Victory
Defeat
🇨🇿 Spanish · Czechia
910
+15
🇬🇷 Poles · Greece
882
-15
Sunscream
7:08 Loom
9:45 Feudal Age
10:18 Double-Bit Axe
12:54 Bloodlines
19:06 Wheelbarrow
21:56 Castle Age
19:58 Horse Collar
23:18 Bow Saw
23:02 Gold Mining
23:19 Husbandry
23:28 Scale Barding Armor
23:34 Forging
24:23 Heavy Plow
33:48 Iron Casting
34:46 Fletching
35:33 Szlachta Privileges
36:21 Bodkin Arrow
36:46 Chain Barding Armor
35:49 Elite Skirmisher
37:42 Padded Archer Armor
41:46 Imperial Age
39:48 Ballistics
42:29 Cavalier
43:12 Bracer
43:15 Scale Mail Armor
43:41 Thumb Ring
43:53 Hand Cart
45:29 Chemistry
46:37 Town Watch
47:47 Siege Engineers
47:39 Light Cavalry
50:05 Winged Hussar
51:06 Leather Archer Armor
51:51 Blast Furnace
51:41 Town Patrol
Djurro
2:34 Loom
10:04 Feudal Age
21:09 Castle Age
19:13 Double-Bit Axe
19:35 Horse Collar
21:35 Forging
23:05 Scale Mail Armor
23:30 Husbandry
26:42 Scale Barding Armor
27:41 Fletching
31:51 Wheelbarrow
32:12 Gold Mining
33:08 Padded Archer Armor
37:53 Imperial Age
37:59 Imperial Age
37:09 Bodkin Arrow
38:38 Iron Casting
38:36 Ballistics
39:23 Conscription
39:02 Town Watch
42:18 Chemistry
41:29 Masonry
42:18 Hand Cart
42:33 Pikeman
43:14 Squires
44:17 Blast Furnace
43:46 Elite Conquistador
45:02 Murder Holes
45:42 Heavy Plow
46:27 Cavalier
47:18 Bloodlines
47:46 Bracer
48:51 Chain Barding Armor
48:45 Town Patrol
49:19 Halberdier
50:43 Chain Mail Armor
51:23 Hoardings
51:05 Leather Archer Armor
52:49 Paladin
Connection lost

Rejoining the realm…

Still unreachable

The connection could not be restored.

Session expired

The server has moved on; the page needs a fresh start.